 Dungeon Sprint DCSS version 0.31-a0-588-g14bffd4ff3 (webtiles) character file.

Game seed: 15765686400375941769

429 Conn the Arsonist (level 6, 0/36 HPs)
             Began as an Octopode Fire Elementalist on Aug 19, 2023.
             Was an Initiate of Sif Muna.
             Slain by a slime creature (19 damage)
             ... in the Dungeon (Sprint I: "Red Sonja").
             The game lasted 00:04:07 (380 turns).

Conn the Arsonist (Octopode Fire Elementalist)       Turns: 380, Time: 00:04:10

Health: 0/36       AC:  1    Str:  7    XL:     6   Next: 98%
Magic:  2/17       EV: 14    Int: 20    God:    Sif Muna [......]
Gold:   297        SH:  0    Dex: 12    Spells: 11/21 levels left

rFire   . . .        i - +0 dagger
rCold   . . .        (no shield)
rNeg    . . .        (helmet restricted)
rPois   .            (no amulet)
rElec   .            (no ring)
rCorr   .            (no ring)
SInv    .            (no ring)
Will    .....        (no ring)
Stlth   ++++         (no ring)
HPRegen 0.26/turn    (no ring)
MPRegen 0.15/turn    (no ring)
                     (no ring)

%: no teleportation
@: very slightly contaminated
A: almost no armour, amphibious, 8 rings, camouflage 1, gelatinous body 1,
(nimble swimmer 1), tentacles
a: Renounce Religion


You were in the Dungeon.
You worshipped Sif Muna.
Sif Muna was noncommittal.
You visited 1 branch You collected 297 gold pieces.

Inventory:

Hand Weapons
 i - a +0 dagger (weapon)
Wands
 e - a wand of quicksilver (6)
 g - a wand of flame (27)
Scrolls
 f - a scroll of blinking
Potions
 a - 3 potions of magic
 b - a potion of curing
 c - a potion of heal wounds
 d - a potion of haste
 h - a potion of enlightenment {unknown}


   Skills:
 + Level 4.3 Dodging
 + Level 4.9 Stealth
 * Level 8.3 Spellcasting
 * Level 5.4 Conjurations
 + Level 9.1 Fire Magic
 + Level 1.4 Evocations


You had 11 spell levels left.
You knew the following spells:

 Your Spells              Type           Power      Damage    Failure   Level
a - Foxfire               Conj/Fire      100%       2x1d9     1%          1
b - Scorch                Fire           88%        2d8       1%          2
c - Inner Flame           Hex/Fire       26%        N/A       3%          3
d - Flame Wave            Conj/Fire      37%        2d10      4%          4

Your spell library contained the following spells:

 Spells                   Type           Power      Damage    Failure   Level
 Volatile Blastmotes      Fire/Tloc      52%        2d14      3%          3


Dungeon Overview and Level Annotations

Branches:
Dungeon (1/1)

Altars:
Cheibriados
Dithmenos
Elyvilon
Fedhas
Gozag
Hepliaklqana
Kikubaaqudgha
Makhleb
Nemelex Xobeh
Okawaru
Qazlal
Ru
Sif Muna
Trog
Uskayaw
Vehumet
Wu Jian
Xom
Yredelemnul
Zin
The Shining One
Jiyva
Lugonu

Shops:
D :


Innate Abilities, Weirdness & Mutations

You cannot wear most types of armour.
You are amphibious.
You can wear up to eight rings at the same time.
Your skin changes colour to match your surroundings (Stealth+).
Your rubbery body absorbs attacks. (AC +1, EV +1)
((You are camouflaged when in or above water. (Stealth+)))
You have tentacles for arms and can constrict up to eight enemies at once.


Message History

Casting: Scorch (safe; 1% risk of failure)
Confirm with . or Enter, or press ? or * to list all spells.
Okay, then.
Casting: Flame Wave (quite dangerous; 4% risk of failure)
Confirm with . or Enter, or press ? or * to list all spells.
Casting: Flame Wave (quite dangerous; 4% risk of failure)
Press: ? - help, Dir - look around, f - activate You miscast Flame Wave.
You are very lightly contaminated with residual magic.
You are blasted with fire.
The slime creature jiggles.
The slime creature hits you!
Unknown command.
Casting: Flame Wave (quite dangerous; 4% risk of failure)
Confirm with . or Enter, or press ? or * to list all spells.
Casting: Flame Wave (quite dangerous; 4% risk of failure)
Press: ? - help, Dir - look around, f - activate You miscast Flame Wave.
Nothing appears to happen.
The slime creature hits you.
Casting: Flame Wave (quite dangerous; 4% risk of failure)
Confirm with . or Enter, or press ? or * to list all spells.
Okay, then.
Okay, then.
Unknown command.
Casting: Flame Wave (quite dangerous; 4% risk of failure)
Confirm with . or Enter, or press ? or * to list all spells.
Casting: Flame Wave (quite dangerous; 4% risk of failure)
Press: ? - help, Dir - look around, f - activate A wave of flame ripples out!
The flame wave engulfs the slime creature!!
The slime creature is burned terribly!
The slime creature is heavily wounded. (Press . to intensify the flame waves.)
The slime creature misses you.
A wave of flame ripples out!
The flame wave engulfs the slime creature!!
The slime creature is burned terribly!
The slime creature is severely wounded.
The slime creature hits you!!
Ouch! That really hurt!
You die...

################ ##
#<.#.))..#..'..#__#
#..'..#..)..#@J'..+
#..#####'#####'#__#
#..####..#...#.# ##
#..#__####..##(#
#..#_____##'#_.+
#⌠⌠#_.∩...'..._#
####_..__##_.#'#
#_____###+#.#
####### ###


You could see a slime creature (combustible).

Vanquished Creatures
  Sigmund (D)
  A yak (D)
  An ogre (D)
  A jelly (D)
  Ijyb (D)
5 creatures vanquished.

Vanquished Creatures (others)
  5 foxfires (D)
5 creatures vanquished.

Grand Total: 10 creatures vanquished

Notes
Turn   | Place    | Note
-------+----------+-------------------------------------------
     0 | D        | Conn the Octopode Fire Elementalist began the quest for the
                  | Orb.
     0 | D        | Reached XP level 1. HP: 11/11 MP: 3/3
     1 | D        | Noticed Ijyb
     6 | D        | Killed Ijyb
     7 | D        | Reached skill level 4 in Fire Magic
     7 | D        | Reached XP level 2. HP: 17/17 MP: 4/6
     7 | D        | Reached XP level 3. HP: 21/21 MP: 4/7
    33 | D        | Learned a level 2 spell: Scorch
    37 | D        | Learned a level 3 spell: Inner Flame
    47 | D        | Noticed an ogre
    51 | D        | Killed an ogre
    52 | D        | Reached skill level 6 in Fire Magic
    52 | D        | Reached XP level 4. HP: 27/27 MP: 1/10
   140 | D        | Learned a level 4 spell: Flame Wave
   140 | D        | Noticed Sigmund
   147 | D        | Killed Sigmund
   148 | D        | Reached skill level 8 in Fire Magic
   148 | D        | Reached skill level 1 in Evocations
   148 | D        | Reached XP level 5. HP: 7/31 MP: 0/14
   148 | D        | Reached XP level 6. HP: 8/36 MP: 0/15
   266 | D        | Found a shimmering blue altar of Sif Muna.
   267 | D        | Found an ornate altar of the Wu Jian Council.
   268 | D        | Found a radiant altar of Vehumet.
   277 | D        | Became a worshipper of Sif Muna the Loreminder
   330 | D        | Found Gezxiw's Book Emporium.
   330 | D        | Found an ancient bone altar of Kikubaaqudgha.
   330 | D        | Found a hazy altar of Hepliaklqana.
   330 | D        | Found a stormy altar of Qazlal.
   330 | D        | Found a hide-covered altar of Uskayaw.
   330 | D        | Found a blossoming altar of Fedhas.
   330 | D        | Found a bloodstained altar of Trog.
   330 | D        | Found an iron altar of Okawaru.
   330 | D        | Found a basalt altar of Yredelemnul.
   330 | D        | Found a glowing golden altar of the Shining One.
   330 | D        | Found a snail-covered altar of Cheibriados.
   330 | D        | Found a sacrificial altar of Ru.
   330 | D        | Found a glowing silver altar of Zin.
   330 | D        | Found a shadowy altar of Dithmenos.
   330 | D        | Found a white marble altar of Elyvilon.
   330 | D        | Noticed a yak
   336 | D        | Killed a yak
   337 | D        | Reached skill level 5 in Conjurations
   337 | D        | Reached skill level 9 in Fire Magic
   339 | D        | Found an opulent altar of Gozag.
   340 | D        | Found a sparkling altar of Nemelex Xobeh.
   374 | D        | Found a burning altar of Makhleb.
   374 | D        | Found a viscous altar of Jiyva.
   374 | D        | Found a shimmering altar of Xom.
   374 | D        | Found a corrupted altar of Lugonu.
   374 | D        | Noticed a slime creature
   380 | D        | Slain by a slime creature

Illustrated notes

Levels and vault maps discovered:
D:        dungeon_sprint_1 [red_sonja_temple_1, red_sonja_temple_small_1]

Skill      XL: |  1  2  3  4  5  6 |
---------------+-------------------+-----
Stealth        | 3 4 |  4.9
Spellcasting   | 3 4 6 8 |  8.3
Conjurations   | 2 3 4 5 |  5.4
Fire Magic     | 4 6 8 9 |  9.1
Dodging        | 3 4 |  4.3
Evocations     | 1 |  1.4

Action                     |  1- 3 |  4- 6 || total
---------------------------+-------+-------++-------
  Melee: Unarmed           |     2 |       ||     2
         Tentacles         |     2 |       ||     2
         Constrict         |     1 |       ||     1
   Cast: Scorch            |     3 |     9 ||    12
         Foxfire           |       |     3 ||     3
         Flame Wave        |       |     1 ||     1
  Evoke: Wand              |     1 |     1 ||     2
    Use: Potion            |     1 |       ||     1
  Dodge: Dodged            |     3 |     3 ||     6

Table legend: (Time is in decaauts)
 A = Elapsed time spent in this place.
 B = Non-inter-level travel time spent in this place.
 C = Inter-level travel time spent in this place.
 D = Time resting spent in this place.
 E = Time spent auto-exploring this place.
 F = Levels seen in this place.
 G = Mean time per level.
                   A        B        C        D        E       F      G
               +--------+--------+--------+--------+--------+-----+--------+
         Total |    388 |    388 |      0 |    241 |      0 |   1 |  388.0 |
       Dungeon |    388 |    388 |      0 |    241 |      0 |   1 |  388.0 |
               +--------+--------+--------+--------+--------+-----+--------+

Top non-repeatable levels by time:
       D: 388 daAuts
